cohdb
Replays
Latest Replays
All Replays
Popular Replays
Top Player Replays
Match Explorer
How It Works
Community
CoH3 Stats
Reddit
Sign in to upload your games and track your stats! →
Sign in with Steam
Match 42263874
Unlisted
Match 42263874
Overview
Messages
Build Orders
End
Royal Engineer Section
Construct Section Command Post
Selects Heavy Armor Battlegroup
ML 3-inch Mortar Team
Dingo Light Scout Car
Infantry Section
Construct Platoon Command Post
Selects Engineer Detachments
Selects Engineer Detachments
Selects Forward Repair Assembly
Humber Armored Car
Infantry Section
Infantry Section
6-pounder Anti-tank Gun Team
Infantry Training
Humber Armored Car
Light Vehicle Training
6-pounder Anti-tank Gun Team
Infantry Section
Infantry Section
Grenade Package
CMP 15cwt Truck
AI Takeover
Major-Chaos
Fox-bana
gUi
Pontiki
Burgo
RoseFlunder
Allu, M.Sc.
Bozzy
0
0
Comments
sign in to comment!
No comments posted yet!